Map: 暮色之塔

Players

shengy - Winner!

  • Race: Zerg Zerg
  • League: Gold

FiHkr

  • Race: Protoss Protoss
  • League: Gold

VOD

Have the link to the VOD?

Description

Time

  • Played on: Nov. 25, 2015, 8:57 p.m.
  • Length: 10:09
Show
View Real Time Build Order
Export as new Build Order

shengy Zerg - Winner!

Build Orders: 3 Hatch before Pool 

Get SALT Encoding   

  12  0:01  Drone  
  13  0:08  Drone  
  14  0:17  Overlord  
  14  0:36  Drone x3  
  17  0:47  Drone  
  18  0:58  Hatchery  
  17  1:04  Drone  
  17  1:08  Drone  
  19  1:30  Drone  
  19  1:32  Drone  
  21  1:35  Hatchery  
  20  1:45  Spawning Pool  
  19  1:47  Drone  
  20  1:57  Drone  
  21  2:01  Overlord  
  21  2:12  Drone  
  22  2:28  Drone x2  
  25  2:30  Drone  
  25  2:32  Queen  
  25  2:33  Queen  
  25  2:35  Zergling x4  
  31  2:52  Queen  
  33  2:58  Extractor  
  32  3:07  Drone x6  
  32  3:08  Drone x2  
  40  3:13  Queen  
  40  3:16  Extractor  
  41  3:29  Zergling x2  
  42  3:38  Overlord x3  
  42  3:45  Extractor x2  
  42  3:46  Extractor  
  39  3:50  Roach Warren  
  39  3:53  Drone x4  
  39  3:55  Overlord  
  42  4:06  Overlord  
  42  4:08  Drone x6  
  48  4:27  Drone x2  
  48  4:28  Drone x7  
  57  4:38  Overlord  
  57  4:39  Drone x6  
  63  4:56  Roach  
  63  4:57  Roach x5  
  63  4:58  Roach  
  76  5:09  Overlord  
  76  5:10  Drone x4  
  76  5:12  Spore Crawler  
  77  5:16  Roach x2  
  77  5:18  Overlord x2  
  81  5:24  Overlord  
  81  5:33  Lair  
  81  5:41  Roach x2  
  81  5:42  Roach x4  
  91  5:49  Drone  
  93  5:50  Drone x2  
  93  5:51  Roach x5  
  93  5:52  Roach  
  106  6:07  Ravager x5  
  111  6:21  Drone x4, Extractor  
  111  6:22  Overlord  
  111  6:23  Extractor, Overlord x3  
  113  6:28  Spine Crawler  
  100  6:50  Roach x7  
  100  6:51  Roach x8  
  126  7:05  Overseer  
  126  7:08  Queen  
  128  7:21  Hatchery  
  127  7:27  Drone x6  
  127  7:28  Overseer, Drone  
  134  7:32  Hatchery, Extractor  
  134  7:34  Extractor  
  134  7:36  Hydralisk Den  
  130  7:37  Drone x4, Evolution Chamber  
  130  7:38  Spire, Evolution Chamber, Overlord x2  
  134  8:05  Ravager x3  
  134  8:06  Ravager x4  
  134  8:12  Zerg Missile Weapons Level 1, Zerg Ground Armor Level 1  
  138  8:18  Drone x3  
  138  8:19  Drone x3  
  144  8:20  Overlord  
  144  8:21  Hydralisk x3  
  144  8:22  Hydralisk x4  
  158  8:52  Hydralisk x7  
  158  8:53  Hydralisk x4  
  180  9:09  Hydralisk  
  180  9:11  Overlord x2  
  180  9:12  Overlord x2  
  182  9:49  Drone  
Show
View Real Time Build Order
Export as new Build Order

FiHkr Protoss 

Build Orders: Nexus First 

Get SALT Encoding   

  12  0:02  Probe (Chrono Boost)  
  13  0:12  Probe (Chrono Boost)  
  14  0:20  Pylon  
  14  0:23  Probe (Chrono Boost)  
  15  0:38  Probe (Chrono Boost)  
  16  0:49  Probe (Chrono Boost)  
  17  1:03  Probe (Chrono Boost)  
  18  1:05  Nexus  
  18  1:14  Probe (Chrono Boost)  
  19  1:22  Gateway  
  19  1:27  Probe (Chrono Boost)  
  19  1:29  Assimilator  
  20  1:38  Probe (Chrono Boost)  
  21  1:43  Assimilator  
  21  1:48  Probe (Chrono Boost)  
  22  1:59  Probe (Chrono Boost)  
  23  2:17  Zealot  
  23  2:19  Cybernetics Core  
  25  2:23  Pylon  
  25  2:29  Probe x2 (Chrono Boost)  
  27  2:39  Probe x2 (Chrono Boost)  
  29  2:50  Probe x2 (Chrono Boost)  
  31  3:00  Probe (Chrono Boost)  
  31  3:03  Probe (Chrono Boost)  
  31  3:05  Warp Gate  
  33  3:08  Stalker (Chrono Boost)  
  33  3:11  Probe  
  36  3:15  Gateway  
  36  3:16  Gateway  
  36  3:20  Twilight Council  
  36  3:22  Pylon  
  36  3:28  Probe  
  36  3:29  Probe  
  38  3:38  Mothership Core  
  40  3:42  Adept (Chrono Boost)  
  40  3:44  Probe  
  40  3:48  Pylon  
  43  3:56  Probe  
  43  3:57  Probe  
  43  3:58  Resonating Glaives (Chrono Boost)  
  43  4:02  Gateway  
  45  4:06  Gateway, Adept  
  45  4:09  Probe  
  48  4:10  Pylon  
  48  4:17  Assimilator  
  48  4:19  Forge  
  48  4:26  Adept x2  
  52  4:37  Robotics Facility  
  52  4:41  Pylon  
  52  4:44  Probe  
  53  4:45  Probe  
  53  4:51  Gateway  
  53  4:52  Gateway  
  54  4:57  Pylon  
  54  5:10  Probe  
  54  5:11  Probe  
  56  5:25  Warp Prism (Chrono Boost)  
  58  5:31  Pylon  
  58  5:33  Adept x3  
  62  5:45  Assimilator  
  62  5:46  Probe  
  63  5:50  Protoss Ground Weapons Level 1 (Chrono Boost)  
  63  5:55  Immortal (Chrono Boost), Adept x4  
  63  5:56  Adept  
  77  6:08  Pylon  
  77  6:16  Probe x2  
  79  6:24  Adept x2  
  79  6:25  Adept x3  
  85  6:26  Adept  
  85  6:27  Adept  
  89  6:47  Adept x3  
  71  6:48  Adept x3  
  53  7:08  Stalker  
  53  7:09  Stalker  
  53  7:10  Stalker x2  
  53  7:11  Stalker  
  53  7:14  Sentry x2  
  67  7:19  Probe x2  
  69  7:41  Sentry  
  69  7:42  Sentry  
  69  7:43  Sentry x2  
  77  7:44  Sentry  
  77  7:47  Nexus, Stalker  
  77  7:49  Pylon  
  81  7:55  Probe x2  
  83  8:04  Templar Archives  
  83  8:10  Protoss Ground Weapons Level 2 (Chrono Boost)  
  83  8:14  Stalker x3  
  89  8:37  Gateway  
  89  8:39  Gateway  
  89  8:47  Probe  
  90  8:58  Probe  
  90  8:59  Probe  
  90  9:00  Stalker x2  
  90  9:01  Stalker x3  
  90  9:02  Stalker  
  104  9:05  Probe  
  105  9:10  Probe  
  105  9:13  Probe  
  107  9:19  Pylon  
  107  9:23  Pylon  
  107  9:25  Stalker  
  107  9:27  Stalker  
  107  9:28  Forge  
  107  9:31  Observer  
  111  9:32  Probe  
  97  9:49  Stalker x3  
  97  9:50  Stalker x2  
  98  10:04  Stalker x2  
  98  10:05  Stalker  
Tags
 
Add a new tag
Caveats
  • Supply blocks, unpowered buildings, or Contaminate may cause inaccurate times.
  • Supply counts are checked every 10 seconds.